AoeStats
← Xinh Gái Ku To

Arabia

504744456Analyzed
1v1 RM · 26d ago on Sep 6, 2026· 42m 19s· 2 players
Game mode
Random Map
Map size
Tiny (2 player)
Population
200
Speed
Normal
Resources
Standard
Victory
Conquest
Starting age
Dark Age
Ending age
Imperial Age
RankedLock teamsTeams togetherTeam positionsShared explorationLock speedFull tech treeHidden civsTurbo modeCheats
Victory
Defeat
🇨🇭 Bulgarians · Switzerland
695
+17
🇻🇳 Huns · Vietnam
719
-36
Lupi
2:55 Loom
10:32 Feudal Age
10:59 Double-Bit Axe
11:05 Horse Collar
15:49 Scale Barding Armor
21:57 Castle Age
20:02 Gold Mining
23:48 Bow Saw
23:41 Heavy Plow
24:13 Elite Skirmisher
25:25 Pikeman
28:46 Stone Mining
34:04 Padded Archer Armor
33:55 Fletching
36:42 Stone Shaft Mining
36:43 Gold Shaft Mining
39:32 Imperial Age
37:39 Wheelbarrow
36:52 Town Watch
38:54 Squires
42:06 Halberdier
Xinh Gái Ku To
6:44 Loom
11:30 Feudal Age
18:23 Castle Age
17:27 Bloodlines
23:56 Marauders
24:55 Double-Bit Axe
27:15 Gold Mining
27:38 Bow Saw
28:37 Stone Mining
32:11 Husbandry
34:13 Fletching
36:44 Murder Holes
37:01 Masonry
37:12 Town Watch
40:34 Imperial Age
40:36 Thumb Ring
39:51 Elite Skirmisher
42:39 Conscription
Connection lost

Rejoining the realm…

Still unreachable

The connection could not be restored.

Session expired

The server has moved on; the page needs a fresh start.